 Dungeon Crawl Stone Soup version 0.30-a0-782-ge64f9170bb (webtiles) character file.

Game seed: 1814815804109818298

164 holysushi the Ducker (level 5, -1/27 HPs)
             Began as a Spriggan Chaos Knight on Feb 18, 2023.
             Was a Plaything of Xom.
             Killed from afar by an acid dragon (28 damage)
             ... with a splash of acid
             ... on level 3 of the Dungeon.
             The game lasted 00:04:59 (1862 turns).

holysushi the Ducker (Spriggan Chaos Knight)        Turns: 1862, Time: 00:04:59

Health: -1/27      AC:  4    Str:  8      XL:     5   Next: 21%
Magic:  6/6        EV: 19    Int: 14      God:    Xom [....*.]
Gold:   134        SH:  0    Dex: 15 (16) Spells: 4/4 levels left

rFire   . . .      SeeInvis +    a - +0 short sword (chaos)
rCold   . . .      Faith    .    (no shield)
rNeg    . . .      Spirit   .    b - +2 robe
rPois   .          Reflect  .    (helmet restricted)
rElec   .          Harm     .    (no cloak)
rCorr   .          Rampage  .    (gloves unavailable)
Will    .....                    (boots unavailable)
Stlth   +                        (no amulet)
HPRegen 0.24/turn                (no ring)
MPRegen 0.10/turn                (no ring)

@: very quick
A: very small, no large weapons, unfitting armour, see invisible, speed 3
a: Renounce Religion


You were on level 3 of the Dungeon.
You worshipped Xom.
You were a beloved toy of Xom.
You visited 1 branch of the dungeon, and saw 3 of its levels.

You collected 134 gold pieces.

Inventory:

Hand Weapons
 a - a +0 short sword of chaos (weapon)
Armour
 b - a +2 robe (worn)
Scrolls
 d - 4 scrolls of identify {unknown}
 i - a scroll of magic mapping {unknown}
 l - a scroll of noise {unknown}
 o - a scroll of immolation {unknown}
 p - a scroll of fog {unknown}
 q - a scroll of teleportation {unknown}
Potions
 e - a potion of degeneration {unknown}
 f - a potion of might {unknown}
 g - a potion of attraction {unknown}
 h - a potion of invisibility {unknown}
 k - a potion of lignification {unknown}
 m - a potion of mutation {unknown}
 n - a potion of flight {unknown}
Miscellaneous
 c - a piece from Xom's chessboard (15/15) (quivered)
 j - a box of beasts


   Skills:
 - Level 2.4 Fighting
 + Level 5.3 Short Blades
 + Level 5.5 Dodging


You had 4 spell levels left.
You didn't know any spells.
Your spell library was empty.

Dungeon Overview and Level Annotations

Branches:
Dungeon (3/15) Zot: 16772

Altars:

Shops:
D:1 =


Innate Abilities, Weirdness & Mutations

You are very small and have problems with some larger weapons.
You are too small for most types of armour.
You have supernaturally acute eyesight. (SInv)
You cover ground extremely quickly. (Speed+++)


Message History

The dart slug misses you.
You hit the dart slug.
You kill the dart slug!
An orc comes into view. It is wielding a +0 war axe.
The orc is no longer moving quickly.
The orc shouts!
The acid dragon roars!
The orc no longer looks unusually strong.
You hit the orc but do no damage. You hit the orc but do no damage.
The orc hits you with a +0 war axe.
You hit the orc. You freeze the orc.
The orc is moderately wounded.
The orc completely misses you.
You hit the orc. Lightning courses through the orc!
You kill the orc!
You hit the orc but do no damage.
The orc is moderately wounded.
The orc completely misses you.
You hit the orc but do no damage.
The orc is moderately wounded.
You hit the orc but do no damage.
The orc is moderately wounded.
The orc barely misses you.
You hit the orc.
The orc appears confused.
The orc is heavily wounded.
The area is suffused with divine lightning!
The blast of lightning engulfs the orc!!!
The orc dies!
The acid dragon spits acid at you. The splash of acid misses you.
You start resting.
An acid dragon is nearby!
The acid dragon misses you. The acid dragon completely misses you.
Xom gives a demonstration of destructive might.
The acid dragon is outlined in light.
The worm is outlined in light.
The acid dragon spits acid at you. The splash of acid hits you!!
Ouch! That really hurt!
You die...
Xom guffaws!

# # . ### ## ##.#### .
#D#...# ####~ ##.####
≈≈≈≈ #.# ≈≈≈≈ #@# ≈≈~
#.# ####.~ # #.#
###..~.. #.###.#
#....... #.....#
#.......
#.....#########..#...#
#.###.w..).D........##
#. ###########.......
#. #..####.


You could see an acid dragon (catching breath, corona) and a worm (wandering,
corona).

Vanquished Creatures
  10 adders
  A worm (D:2)
  3 dart slugs
  2 orcs (D:3)
  2 ball pythons (D:2)
  6 bats
  8 endoplasms
  3 giant cockroaches (D:1)
  7 goblins
  2 hobgoblins (D:1)
  7 jackals
  3 kobolds
  A quokka (D:1)
  3 frilled lizards
  2 rats (D:1)
60 creatures vanquished.

Vanquished Creatures (others)
  An orc (D:3)
  6 plants (D:3)
7 creatures vanquished.

Grand Total: 67 creatures vanquished

Notes
Turn   | Place    | Note
-------+----------+-------------------------------------------
     0 | D:1      | holysushi the Spriggan Chaos Knight began the quest for the
                  | Orb.
     0 | D:1      | Reached XP level 1. HP: 11/11 MP: 2/2
   130 | D:1      | XOM: divination: detect items
   141 | D:1      | XOM: silly message
   241 | D:1      | Reached XP level 2. HP: 16/16 MP: 3/3
   247 | D:1      | XOM: silly message
   271 | D:1      | XOM: silly message
   339 | D:1      | Found a faded altar of an unknown god.
   366 | D:1      | Found Jeuduhik's Jewellery Boutique.
   395 | D:1      | Reached XP level 3. HP: 19/19 MP: 4/4
   697 | D:2      | XOM: potion effect (invisibility)
   789 | D:2      | Reached XP level 4. HP: 23/23 MP: 5/5
   851 | D:2      | XOM: potion effect (haste)
   875 | D:2      | XOM: silly message
   927 | D:2      | XOM: silly message
   971 | D:2      | XOM: potion effect (berserk rage)
   977 | D:2      | Reached skill level 5 in Short Blades
   977 | D:2      | Reached skill level 5 in Dodging
  1123 | D:2      | XOM: god gift: box of beasts
  1128 | D:2      | XOM: stat loss: -1 Str (7/8)
  1362 | D:3      | Reached XP level 5. HP: 26/27 MP: 6/6
  1439 | D:3      | Noticed an ice beast
  1442 | D:3      | XOM: enchant monster (good)
  1445 | D:3      | an ice beast changed into an acid dragon
  1445 | D:3      | Noticed an acid dragon
  1445 | D:3      | XOM: polymorph ice beast -> acid dragon
  1447 | D:3      | XOM: enchant monster (good)
  1516 | D:3      | Noticed a black bear
  1519 | D:3      | XOM: smoke on damage
  1536 | D:3      | XOM: god gift: +8 longbow "Zephyr" {speed, Dex+3 SInv}
  1537 | D:3      | Found the +8 longbow "Zephyr" {speed, Dex+3 SInv}
  1546 | D:3      | XOM: 1-stop teleportation journey
  1629 | D:3      | XOM: 5-stop teleportation journey
  1710 | D:3      | XOM: stat loss: -1 Dex (15/16)
  1836 | D:3      | XOM: divine lightning
  1862 | D:3      | XOM: fake destruction
  1862 | D:3      | Killed from afar by an acid dragon

Illustrated notes

Levels and vault maps discovered:
D:1:      heliophobic_arrival_glass_houses, layout_basic, serial_shops,
          nicolae_shop_waterfront, basic_ecumenical_altar
D:2:      layout_basic, st_stairs_4
D:3:      layout_loops_ring, chequers_hall_statues_y, chequers_big_river,
          minmay_between

Skill      XL: |  1  2  3  4 |
---------------+-------------+-----
Short Blades   | 4 5 |  5.3
Dodging        | 4 5 |  5.5
Fighting       | |  2.4

Action                     |  1- 3 |  4- 6 || total
---------------------------+-------+-------++-------
  Melee: Short sword       |   121 |   147 ||   268
         Punch             |     2 |     1 ||     3
   Stab: Sleeping          |     3 |       ||     3
         Invisible         |     3 |     2 ||     5
 Armour: Robe              |    30 |    31 ||    61
  Dodge: Dodged            |    98 |   150 ||   248

Table legend: (Time is in decaauts)
 A = Elapsed time spent in this place.
 B = Non-inter-level travel time spent in this place.
 C = Inter-level travel time spent in this place.
 D = Time resting spent in this place.
 E = Time spent auto-exploring this place.
 F = Levels seen in this place.
 G = Mean time per level.
                   A        B        C        D        E       F      G
               +--------+--------+--------+--------+--------+-----+--------+
         Total |   1226 |   1217 |      9 |     81 |    586 |   3 |  408.7 |
       Dungeon |   1226 |   1217 |      9 |     81 |    586 |   3 |  408.7 |
               +--------+--------+--------+--------+--------+-----+--------+

Top non-repeatable levels by time:
     D:2: 460 daAuts
     D:1: 409 daAuts
     D:3: 356 daAuts
